[ AOE2 MATCH · #506896628 ]
UnrankedCumans vs Romans
Player's team · WIN
Rival team · LOSS
[ REPLAY ANALYSIS · EXTRACTED FROM THE RECORDED GAME ]
Feudal
8:51
Castle
21:38
Imperial
33:22
| APM avg | 60.7 |
| APM peak | 100 |
| eAPM avg | 27.2 |
| Villagers / military | 120 / 37 |
Focus
⚔️ 36.6% · 🌾 63.4%
Kipchak ×27 · Spearman ×7 · Mangonel ×3
Feudal
8:26
Castle
20:37
Imperial
—
| APM avg | 75.7 |
| APM peak | 119 |
| eAPM avg | 31.6 |
| Villagers / military | 103 / 35 |
Focus
⚔️ 50.3% · 🌾 49.7%
Knight ×13 · Scorpion ×9 · Monk ×4 · Archer ×4 · Scout Cavalry ×3 · Mangonel ×2
Match map
Initial resources + every placement click. Lines = walls · curves = elevation contours. ◆ gold · ⬟ stone · ● berries · ✦ relic · ◌ wall gap
Your base· Open — unwalled flank
hK | Keno_'s base· Open — unwalled flank
Smoothed initial terrain · ◌ = detected wall gap · hover for details
Inputs per minute
— bruh - - hK | Keno_
Build order — bruh
First 150 of 260 actions detected
| 0:00 | Queue | Villager (Male) |
| 0:00 | Queue | Villager (Male) |
| 0:01 | Queue | Villager (Male) |
| 0:02 | Build | House |
| 0:03 | Build | House |
| 0:30 | Queue | Villager (Male) |
| 1:29 | Queue | Villager (Male) |
| 1:29 | Queue | Villager (Male) |
| 1:52 | Build | Lumber Camp |
| 1:58 | Queue | Villager (Male) |
| 2:18 | Queue | Villager (Male) |
| 2:19 | Queue | Villager (Male) |
| 2:41 | Queue | Villager (Male) |
| 2:41 | Queue | Villager (Male) |
| 3:18 | Build | House |
| 3:21 | Queue | Villager (Male) |
| 3:21 | Queue | Villager (Male) |
| 3:21 | Queue | Villager (Male) |
| 3:33 | Build | House |
| 3:46 | Queue | Villager (Male) |
| 3:46 | Queue | Villager (Male) |
| 3:46 | Queue | Villager (Male) |
| 4:49 | Queue | Villager (Male) |
| 4:49 | Queue | Villager (Male) |
| 4:49 | Queue | Villager (Male) |
| 5:04 | Build | Mill |
| 5:33 | Research | Loom |
| 6:37 | Research | Feudal Age |
| 7:30 | Build | Barracks |
| 7:33 | Build | Palisade Wall |
| 8:26 | Queue | Villager (Male) |
| 8:48 | Build | House |
| 8:51 | Age | Feudal Age |
| 8:54 | Queue | Villager (Male) |
| 8:56 | Queue | Spearman |
| 8:59 | Research | Double-Bit Axe |
| 8:59 | Research | Double-Bit Axe |
| 9:14 | Build | Town Center |
| 9:22 | Build | House |
| 9:37 | Queue | Villager (Male) |
| 9:48 | Build | Palisade Wall |
| 9:51 | Queue | Villager (Male) |
| 10:08 | Queue | Spearman |
| 10:11 | Queue | Villager (Male) |
| 10:19 | Build | Palisade Wall |
| 10:20 | Build | Palisade Wall |
| 10:23 | Queue | Villager (Male) |
| 10:34 | Queue | Villager (Male) |
| 10:38 | Build | Mill |
| 10:46 | Queue | Villager (Male) |
| 10:49 | Build | Palisade Wall |
| 11:00 | Build | Palisade Wall |
| 11:18 | Build | House |
| 11:28 | Queue | Villager (Male) |
| 11:29 | Queue | Villager (Male) |
| 11:29 | Queue | Villager (Male) |
| 11:36 | Build | Palisade Wall |
| 11:38 | Build | Farm |
| 11:39 | Queue | Villager (Male) |
| 11:39 | Queue | Villager (Male) |
| 11:53 | Queue | Spearman |
| 12:05 | Build | House |
| 12:08 | Build | Palisade Wall |
| 12:15 | Build | Farm |
| 12:17 | Build | Farm |
| 12:17 | Queue | Villager (Male) |
| 12:17 | Queue | Villager (Male) |
| 12:35 | Queue | Villager (Male) |
| 12:43 | Build | Farm |
| 13:00 | Queue | Villager (Male) |
| 13:00 | Queue | Villager (Male) |
| 13:05 | Build | Lumber Camp |
| 13:17 | Build | Mining Camp |
| 13:18 | Queue | Villager (Male) |
| 13:31 | Queue | Villager (Male) |
| 13:55 | Queue | Villager (Male) |
| 13:55 | Queue | Villager (Male) |
| 14:14 | Queue | Villager (Male) |
| 14:16 | Queue | Villager (Male) |
| 14:20 | Queue | Spearman |
| 14:37 | Build | Watch Tower |
| 14:52 | Queue | Villager (Male) |
| 14:52 | Queue | Villager (Male) |
| 15:08 | Queue | Villager (Male) |
| 15:08 | Queue | Villager (Male) |
| 15:27 | Queue | Spearman |
| 15:30 | Build | House |
| 15:54 | Queue | Villager (Male) |
| 15:54 | Queue | Villager (Male) |
| 16:06 | Queue | Spearman |
| 16:13 | Build | Watch Tower |
| 16:16 | Queue | Spearman |
| 16:25 | Queue | Villager (Male) |
| 16:25 | Queue | Villager (Male) |
| 16:27 | Build | Farm |
| 16:29 | Build | Farm |
| 16:40 | Build | House |
| 16:51 | Queue | Villager (Male) |
| 16:52 | Queue | Villager (Male) |
| 16:58 | Build | Market |
| 17:05 | Queue | Villager (Male) |
| 17:20 | Build | Farm |
| 17:30 | Queue | Villager (Male) |
| 17:31 | Queue | Villager (Male) |
| 17:48 | Queue | Villager (Male) |
| 17:49 | Queue | Villager (Male) |
| 17:56 | Queue | Villager (Male) |
| 18:06 | Build | Farm |
| 18:09 | Build | Farm |
| 18:23 | Queue | Villager (Male) |
| 18:26 | Build | Stable |
| 18:29 | Queue | Villager (Male) |
| 18:58 | Research | Castle Age |
| 18:58 | Research | Castle Age |
| 18:58 | Research | Castle Age |
| 19:00 | Queue | Villager (Male) |
| 19:03 | Build | Farm |
| 19:07 | Build | Farm |
| 19:14 | Build | House |
| 19:22 | Queue | Villager (Male) |
| 19:42 | Build | Watch Tower |
| 20:04 | Build | Blacksmith |
| 20:06 | Build | Farm |
| 20:16 | Queue | Villager (Male) |
| 20:17 | Queue | Villager (Male) |
| 20:40 | Build | Farm |
| 20:44 | Queue | Villager (Male) |
| 20:49 | Build | House |
| 20:55 | Research | Fletching |
| 21:07 | Queue | Villager (Male) |
| 21:17 | Queue | Villager (Male) |
| 21:36 | Queue | Villager (Male) |
| 21:38 | Age | Castle Age |
| 21:40 | Build | Castle |
| 21:46 | Build | Farm |
| 21:48 | Build | Farm |
| 21:49 | Research | Horse Collar |
| 21:52 | Build | Farm |
| 22:00 | Queue | Villager (Male) |
| 22:22 | Queue | Villager (Male) |
| 22:23 | Queue | Villager (Male) |
| 22:24 | Build | House |
| 22:31 | Queue | Villager (Male) |
| 22:31 | Queue | Villager (Male) |
| 22:44 | Build | House |
| 22:47 | Build | Palisade Wall |
| 22:56 | Queue | Villager (Male) |
| 23:00 | Queue | Kipchak |
| 23:01 | Queue | Kipchak |
| 23:13 | Queue | Kipchak |
Build order — hK | Keno_
First 150 of 249 actions detected
| 0:00 | Queue | Villager (Male) |
| 0:01 | Queue | Villager (Male) |
| 0:02 | Build | House |
| 0:03 | Build | House |
| 0:09 | Queue | Villager (Male) |
| 0:10 | Queue | Villager (Male) |
| 0:10 | Queue | Villager (Male) |
| 1:23 | Queue | Villager (Male) |
| 1:23 | Queue | Villager (Male) |
| 1:55 | Queue | Villager (Male) |
| 1:55 | Queue | Villager (Male) |
| 2:11 | Queue | Villager (Male) |
| 2:11 | Queue | Villager (Male) |
| 2:40 | Queue | Villager (Male) |
| 2:40 | Queue | Villager (Male) |
| 2:59 | Queue | Villager (Male) |
| 3:32 | Queue | Villager (Male) |
| 3:34 | Build | Mill |
| 3:49 | Build | House |
| 3:55 | Queue | Villager (Male) |
| 3:55 | Queue | Villager (Male) |
| 3:55 | Queue | Villager (Male) |
| 4:17 | Queue | Villager (Male) |
| 4:17 | Queue | Villager (Male) |
| 5:03 | Queue | Villager (Male) |
| 5:26 | Build | Lumber Camp |
| 6:12 | Research | Feudal Age |
| 6:51 | Build | House |
| 7:38 | Build | Barracks |
| 8:03 | Research | Loom |
| 8:26 | Age | Feudal Age |
| 8:28 | Queue | Villager (Male) |
| 8:41 | Build | Stable |
| 8:44 | Queue | Villager (Male) |
| 8:47 | Research | Double-Bit Axe |
| 9:17 | Queue | Villager (Male) |
| 9:21 | Build | Mill |
| 9:24 | Queue | Scout Cavalry |
| 9:27 | Queue | Scout Cavalry |
| 9:32 | Queue | Villager (Male) |
| 9:44 | Queue | Villager (Male) |
| 9:49 | Queue | Villager (Male) |
| 10:10 | Queue | Scout Cavalry |
| 10:17 | Build | House |
| 10:37 | Queue | Villager (Male) |
| 10:52 | Build | Farm |
| 10:54 | Build | Farm |
| 10:54 | Build | Farm |
| 11:03 | Queue | Villager (Male) |
| 11:03 | Queue | Villager (Male) |
| 11:03 | Queue | Villager (Male) |
| 11:06 | Build | House |
| 11:19 | Build | Watch Tower |
| 11:25 | Build | Farm |
| 11:33 | Build | Farm |
| 11:51 | Queue | Villager (Male) |
| 12:07 | Build | Mining Camp |
| 12:19 | Queue | Villager (Male) |
| 12:21 | Build | Archery Range |
| 12:36 | Build | Palisade Wall |
| 12:36 | Build | Palisade Wall |
| 12:37 | Build | Palisade Wall |
| 12:37 | Build | Palisade Wall |
| 12:46 | Queue | Villager (Male) |
| 12:49 | Build | House |
| 13:05 | Queue | Villager (Male) |
| 13:16 | Build | Mining Camp |
| 13:19 | Queue | Villager (Male) |
| 13:25 | Queue | Villager (Male) |
| 13:29 | Build | Farm |
| 13:33 | Queue | Archer |
| 13:50 | Queue | Villager (Male) |
| 13:51 | Build | Farm |
| 14:04 | Queue | Villager (Male) |
| 14:15 | Build | Watch Tower |
| 14:34 | Queue | Villager (Male) |
| 14:36 | Build | Farm |
| 14:36 | Build | Farm |
| 14:37 | Build | Farm |
| 14:39 | Build | Mining Camp |
| 14:41 | Build | House |
| 15:22 | Queue | Villager (Male) |
| 15:33 | Queue | Archer |
| 15:43 | Queue | Villager (Male) |
| 15:44 | Build | Farm |
| 15:59 | Queue | Archer |
| 16:14 | Build | House |
| 16:16 | Build | Farm |
| 16:29 | Queue | Villager (Male) |
| 16:39 | Build | House |
| 16:46 | Queue | Villager (Male) |
| 16:49 | Build | Farm |
| 17:04 | Queue | Archer |
| 17:07 | Build | House |
| 17:56 | Research | Castle Age |
| 18:46 | Build | Stable |
| 18:54 | Build | Watch Tower |
| 19:03 | Build | Watch Tower |
| 19:10 | Research | Horse Collar |
| 19:17 | Build | Farm |
| 19:18 | Build | Farm |
| 19:21 | Build | Farm |
| 20:37 | Age | Castle Age |
| 20:42 | Queue | Knight |
| 20:42 | Queue | Knight |
| 20:43 | Queue | Villager (Male) |
| 20:45 | Queue | Villager (Male) |
| 20:49 | Build | House |
| 20:53 | Queue | Knight |
| 20:54 | Queue | Villager (Male) |
| 20:57 | Build | Mining Camp |
| 20:59 | Build | Monastery |
| 21:05 | Build | Blacksmith |
| 21:08 | Build | Farm |
| 21:08 | Build | Farm |
| 21:17 | Queue | Knight |
| 21:29 | Queue | Knight |
| 21:38 | Build | Farm |
| 21:50 | Queue | Monk |
| 21:50 | Build | Farm |
| 21:52 | Research | Scale Barding Armor |
| 21:52 | Research | Scale Barding Armor |
| 21:53 | Queue | Villager (Male) |
| 21:54 | Research | Bow Saw |
| 21:55 | Research | Wheelbarrow |
| 22:42 | Queue | Knight |
| 22:50 | Queue | Knight |
| 22:50 | Queue | Knight |
| 22:54 | Queue | Villager (Male) |
| 23:13 | Queue | Villager (Male) |
| 23:16 | Build | Farm |
| 23:41 | Queue | Villager (Male) |
| 23:56 | Queue | Villager (Male) |
| 23:58 | Build | Town Center |
| 24:01 | Queue | Knight |
| 24:20 | Research | Town Watch |
| 24:38 | Queue | Villager (Male) |
| 24:39 | Build | Farm |
| 24:39 | Build | Farm |
| 25:05 | Queue | Villager (Male) |
| 25:05 | Queue | Villager (Male) |
| 25:11 | Build | Siege Workshop |
| 25:17 | Queue | Villager (Male) |
| 25:17 | Queue | Villager (Male) |
| 25:21 | Build | House |
| 25:23 | Build | House |
| 25:29 | Research | Bloodlines |
| 25:36 | Queue | Knight |
| 25:37 | Queue | Knight |
| 25:37 | Queue | Villager (Male) |
Match timeline
| 7:30 | bruh · first_building Barracks |
| 7:33 | bruh · wall_segment Palisade Wall x4 |
| 7:38 | hK | Keno_ · first_building Barracks |
| 8:26 | hK | Keno_ · age_up feudal |
| 8:41 | hK | Keno_ · first_building Stable |
| 8:51 | bruh · age_up feudal |
| 9:48 | bruh · wall_segment Palisade Wall x7 |
| 10:19 | bruh · wall_segment Palisade Wall x6 |
| 10:20 | bruh · wall_segment Palisade Wall x11 |
| 10:49 | bruh · wall_segment Palisade Wall x1 |
| 11:00 | bruh · wall_segment Palisade Wall x1 |
| 11:36 | bruh · wall_segment Palisade Wall x2 |
| 12:08 | bruh · wall_segment Palisade Wall x3 |
| 12:21 | hK | Keno_ · first_building Archery Range |
| 12:36 | hK | Keno_ · wall_segment Palisade Wall x1 |
| 12:36 | hK | Keno_ · wall_segment Palisade Wall x1 |
| 12:37 | hK | Keno_ · wall_segment Palisade Wall x1 |
| 12:37 | hK | Keno_ · wall_segment Palisade Wall x1 |
| 17:54 | bruh · first_market_buy 500 food |
| 18:26 | bruh · first_building Stable |
| 20:37 | hK | Keno_ · age_up castle |
| 20:59 | hK | Keno_ · first_building Monastery |
| 21:38 | bruh · age_up castle |
| 21:40 | bruh · first_building Castle |
| 22:47 | bruh · wall_segment Palisade Wall x1 |
| 25:11 | hK | Keno_ · first_building Siege Workshop |
| 26:08 | bruh · wall_segment Palisade Wall x1 |
| 26:38 | hK | Keno_ · wall_segment Palisade Wall x1 |
| 27:42 | hK | Keno_ · wall_segment Palisade Wall x6 |
| 29:25 | bruh · first_market_sell 100 wood |
| 30:24 | bruh · first_building Siege Workshop |
| 33:22 | bruh · age_up imperial |
| 33:26 | hK | Keno_ · resign |
[ AI ANALYSIS · 1 CREDIT ]
What really happened in this match?
Wolo.gg analyzes every decision: build order, eco, micro, common mistakes by bracket. Personalized analysis on WhatsApp or Discord in 30 seconds.
Civ guide
Cumans
Perfil
Jugador #2135484